 Dungeon Crawl Stone Soup version 0.19.1 (webtiles) character file.

30 Kailar the Gusty (level 3, 0/28 HPs)
             Began as a Tengu Air Elementalist on Nov 28, 2016.
             Slain by a hobgoblin
             ... wielding a +0 club
              (5 damage)
             ... on level 2 of the Dungeon.
             The game lasted 00:15:39 (783 turns).

Kailar the Gusty (Tengu Air Elementalist)            Turns: 783, Time: 00:15:39

Health: 0/28       AC: 21    Str:  8    XL:     3   Next: 18%
Magic:  3/7        EV:  2    Int: 16    God:
Gold:   0          SH:  0    Dex: 14    Spells: 2 memorised, 3 levels left

rFire  . . .     SeeInvis +     f - +0 hunting sling
rCold  . . .     Gourm    .     (armour currently unavailable)
rNeg   + + +     Faith    .     (no shield)
rPois  +         Spirit   .     (helmet currently unavailable)
rElec  .         Reflect  .     (cloak currently unavailable)
rCorr  .         Harm     .     (gloves currently unavailable)
MR     .....     NoTele   +     (boots unavailable)
Stlth  ++........               (no amulet)
                                (no ring)
                                l - ring of see invisible

@: tree-form
A: (beak), (talons 0)
a: no special abilities


You were on level 2 of the Dungeon.
You were not hungry.
You were a tree.
You visited 1 branch of the dungeon, and saw 2 of its levels.

Inventory:

Hand Weapons
 d - a +0 short sword
 f - a +0 hunting sling (weapon)
Missiles
 h - 19 stones
 m - 18 sling bullets (quivered)
Armour
 a - a +1 robe (melded)
 e - a +0 pair of gloves (melded)
Jewellery
 l - a ring of see invisible (left branch)
Scrolls
 g - a scroll of enchant weapon
 j - a scroll of noise
 n - a scroll of enchant armour
 o - a scroll of identify
Potions
 k - 2 potions of lignification
Books
 b - a book of Air

   Spells                             Type                      Level
   a - Shock                          Conjuration/Air              1
   b - Swiftness                      Charms/Air                   2
   c - Repel Missiles                 Charms/Air                   2
   d - Static Discharge               Conjuration/Air              3
   e - Lightning Bolt                 Conjuration/Air              5
Comestibles
 c - 2 bread rations
 i - 5 chunks of flesh
 p - a meat ration


   Skills:
 + Level 0.2 Fighting
 - Level 2.1 Dodging
 - Level 2.0 Stealth
 + Level 2.2 Spellcasting
 * Level 2.1 Conjurations
 * Level 0.2 Charms
 + Level 4.9 Air Magic


You had 3 spell levels left.
You knew the following spells:

 Your Spells              Type           Power        Failure   Level  Hunger
a - Shock                 Conj/Air       ##..         6%          1    #......
b - Swiftness             Chrm/Air       ##......     12%         2    ###....


Dungeon Overview and Level Annotations

Branches:
Dungeon (2/15)

Altars:

Annotations:
D:2 Robin


Innate Abilities, Weirdness & Mutations

((You have a beak for a mouth.))
((You have claws for feet.))


Message History

Okay, then.
You turn into a tree.
Your +0 pair of gloves melds into your body.
Your +1 robe melds into your body.
Your roots penetrate the ground.
The rat bites you but does no damage. The goblin hits you but does no damage.
The hobgoblin hits you but does no damage.
The goblin hits you but does no damage. The rat bites you but does no damage.
Robin flexes a bicep menacingly.
The goblin hits you but does no damage.
The hobgoblin hits you but does no damage.
The goblin hits you but does no damage. The goblin hits you with a club.
* * * LOW HITPOINT WARNING * * *
The rat bites you but does no damage. Robin hits you but does no damage.
The goblin hits you but does no damage.
The hobgoblin hits you but does no damage.
The goblin hits you but does no damage. x2
The rat bites you but does no damage. The goblin hits you but does no damage.
The hobgoblin hits you with a club.
You die...

######## .# .
##......##.#.
######.......(#.. .
#..............# .w
#..............##).b
#.....b.............
#....ggg............
.....
#####.♣rl......###$
g.w.... ##gg......##
...)...
##gg..........
.......
#.g............
....†?.####
#.........(#...#
#.>..g....#
##...%......#...#
#.....†..<#
#.............#..
#....r....#
#.$<.............
#......g..#
#...<......####


You could see Robin, 2 hobgoblins, 5 goblins, a bat, a frilled lizard and a rat.

Vanquished Creatures
  4 bats
  4 goblins (D:2)
  5 hobgoblins
  4 jackals (D:1)
  A kobold (D:1)
  4 frilled lizards (D:1)
  4 rats
26 creatures vanquished.

Notes
Turn   | Place    | Note
-------+----------+-------------------------------------------
     0 | D:1      | Kailar the Tengu Air Elementalist began the quest for the Orb.
     0 | D:1      | Reached XP level 1. HP: 10/10 MP: 4/4
   166 | D:1      | Reached XP level 2. HP: 15/15 MP: 4/6
   170 | D:1      | Learned a level 2 spell: Swiftness
   746 | D:2      | Reached XP level 3. HP: 19/19 MP: 4/7
   747 | D:2      | Noticed Robin
   783 | D:2      | Slain by a hobgoblin

Skill      XL: |  1  2 |
---------------+-------+-----
Conjurations   | 2 |  2.1
Fighting       | |  0.2
Dodging        | |  2.1
Stealth        | |  2.0
Spellcasting   | |  2.2
Charms         | |  0.2
Air Magic      | |  4.9

Action                   || total
-------------------------++-------
Melee: Unarmed           ||    13
       Peck              ||     4
       Kick              ||     2
 Fire: Hunting sling     ||     5
 Cast: Shock             ||    33
       Swiftness         ||     2
  Use: Scroll            ||     6
       Potion            ||     2
Armor: Robe              ||    23
       Skin              ||    12
Dodge: Dodged            ||    62
